 Dungeon Crawl Stone Soup version 0.30.1 (webtiles) character file.

Game seed: 173464252481932620

527 Heoruswealwe the Magician (level 7, 0/54 HPs)
             Began as a Deep Elf Conjurer on July 11, 2023.
             Slain by a mummy (9 damage)
             ... in an ossuary.
             The game lasted 00:35:30 (2633 turns).

Heoruswealwe the Magician (Deep Elf Conjurer)       Turns: 2633, Time: 00:35:31

Health: 0/54       AC:  9    Str:  4    XL:     7   Next: 2%
Magic:  3/20       EV: 12    Int: 25    God:
Gold:   241        SH:  0    Dex: 13    Spells: 7/21 levels left

rFire   . . .        a - staff of conjuration
rCold   . . .        (no shield)
rNeg    + . .        c - +0 robe {rN+}
rPois   +            (no helmet)
rElec   .            (no cloak)
rCorr   .            (no gloves)
SInv    .            e - +2 pair of boots
Will    .....        (no amulet) Stlth
                     k - ring of poison resistance
HPRegen 0.29/turn    j - +4 ring of protection
MPRegen 0.17/turn

%: no passive effects
@: berserking (expiring), marked, very quick
A: no striking features
a: no special abilities


You were in an ossuary.
You visited 1 branch of the dungeon, and saw 4 of its levels.
You also visited: Sewer and Ossuary.

You collected 241 gold pieces.

Inventory:

Armour
 c - a +0 robe of positive energy (worn)
 e - a +2 pair of boots (worn)
Magical Staves
 a - a staff of conjuration (weapon)
Jewellery
 j - a +4 ring of protection (right hand)
 k - a ring of poison resistance (left hand)
Scrolls
 b - a scroll of poison {unknown}
 f - a scroll of magic mapping
 l - a scroll of brand weapon
 m - 2 scrolls of enchant armour
 n - a scroll of fear
 o - a scroll of teleportation
 s - a scroll of fog
 t - 3 scrolls of amnesia
Potions
 i - a potion of curing {unknown}
 p - a potion of cancellation {unknown}
 q - a potion of might {unknown}
 r - 4 potions of heal wounds {unknown}


   Skills:
 - Level 2.4 Dodging
 - Level 2.4 Stealth
 + Level 7.5 Spellcasting
 + Level 7.2 Conjurations


You had 7 spell levels left.
You knew the following spells:

 Your Spells              Type           Power      Damage    Failure   Level
a - Magic Dart            Conj           100%       1d8       1%          1
b - Searing Ray           Conj           100%       2d8       1%          2
c - Dazzling Flash        Conj/Hex       82%        N/A       4%          3
d - Fulminant Prism       Conj/Hex       20%        3d12      14%         4
e - Iskenderun's Mystic   Conj/Tloc      41%        2d9       14%         4

Your spell library contained the following spells:

 Spells                   Type           Power      Damage    Failure   Level
 Sublimation of Blood     Necr           9%         N/A       10%         2
 Wereblood                Tmut           9%         N/A       10%         2
 Volatile Blastmotes      Fire/Tloc      18%        2d11      19%         3
 Lee's Rapid Deconstruct  Erth           4%         3d5*      87%         5
 Summon Hydra             Summ           4%         N/A       100%        7


Dungeon Overview and Level Annotations

Branches:
Dungeon (4/15)              Sewer (visited)         Ossuary (1/1)
 Temple: D:4-7

Altars:

Annotations:
D:4 3 runed translucent doors, Persimmon's ghost, amateur HOFi


Message History

The mummy barely misses you. The mummy closely misses you.
You hit the centaur zombie!
You destroy the centaur zombie!
You have reached level 7!
You are too berserk!
You hit the mummy.
The mummy is moderately damaged.
The mummy closely misses you. The mummy misses you.
The hobgoblin zombie hits you but does no damage.
You closely miss the mummy.
The mummy is moderately damaged.
You hit the mummy.
The mummy is moderately damaged.
The hobgoblin zombie hits you but does no damage.
The mummy closely misses you. The mummy misses you.
You closely miss the mummy.
The mummy is moderately damaged.
You hit the mummy!
The mummy is severely damaged.
The hobgoblin zombie hits you but does no damage.
The mummy hits you! The mummy closely misses you.
You hit the mummy!
You destroy the mummy!
The hobgoblin zombie fails to trigger a net trap.
The hobgoblin zombie barely misses you.
You hit the centaur zombie.
You blast the centaur zombie.
The centaur zombie is lightly damaged.
The centaur zombie closely misses you. x2; The mummy hits you!
* * * LOW HITPOINT WARNING * * *
You are too berserk!
You are too berserk!
You hit the centaur zombie!
The centaur zombie is heavily damaged.
The centaur zombie hits you but does no damage.
The centaur zombie barely misses you. The hobgoblin zombie misses you.
You hit the centaur zombie!
The centaur zombie is almost destroyed.
The centaur zombie hits you but does no damage.
The centaur zombie misses you. The mummy hits you!
You die...

#####################
####.#.#.#.#.#.#@##?!!!##
..............MZZMZ.....##
...§....^......ZZZ.......##
∩...§^^...........^......∩#
..^..^......M^^..........#
......^Z..^......^^.....##
####.#.#.#.#.#.#.##!?!!##
#####################


You could see 3 mummies, 4 hobgoblin zombies and 2 centaur zombies.

Vanquished Creatures
  A water moccasin (Sewer)
  Pargi (D:3)
  A hound (D:3)
  2 centaur zombies (Ossuary)
  2 orc wizards (D:4)
  Jessica (D:2)
  Natasha (D:4)
  Terence (D:2)
  2 mummies (Ossuary)
  2 adders (D:4)
  2 dart slugs
  2 orcs (D:4)
  5 bats
  7 endoplasms
  5 giant cockroaches
  6 goblins
  7 hobgoblins
  3 jackals (Sewer)
  4 kobolds (D:1)
  5 quokkas
  2 ball pythons
  4 frilled lizards
  A hobgoblin zombie (Ossuary)
  2 rats (D:1)
69 creatures vanquished.

Vanquished Creatures (others)
  2 fulminant prisms
2 creatures vanquished.

Grand Total: 71 creatures vanquished

Notes
Turn   | Place    | Note
-------+----------+-------------------------------------------
     0 | D:1      | Heoruswealwe the Deep Elf Conjurer began the quest for the
                  | Orb.
     0 | D:1      | Reached XP level 1. HP: 10/10 MP: 6/6
   335 | D:1      | Reached XP level 2. HP: 15/15 MP: 5/8
   338 | D:1      | Learned a level 2 spell: Searing Ray
  1020 | D:2      | Noticed Jessica
  1020 | D:2      | Noticed Terence
  1021 | D:2      | Killed Jessica
  1022 | D:2      | Reached skill level 5 in Conjurations
  1022 | D:2      | Reached XP level 3. HP: 19/19 MP: 7/10
  1032 | D:2      | Killed Terence
  1033 | D:2      | Reached XP level 4. HP: 24/24 MP: 3/12
  1037 | D:2      | Learned a level 3 spell: Dazzling Flash
  1042 | D:2      | Learned a level 4 spell: Fulminant Prism
  1104 | D:2      | Identified the +4 spear "Luash" {antimagic, Fragile Int+6}
  1657 | D:3      | Reached skill level 5 in Spellcasting
  1752 | D:3      | Identified the +1 leather armour of the Dungeon {rElec
                  | rN+++ Dex-4}
  1825 | D:3      | Noticed Pargi
  1838 | D:3      | Killed Pargi
  1839 | D:3      | Reached XP level 5. HP: 28/28 MP: 0/15
  2080 | D:3      | Learned a level 4 spell: Iskenderun's Mystic Blast
  2122 | D:4      | Found a runed translucent gate.
  2122 | D:4      | Found a runed translucent gate.
  2123 | D:4      | Found a runed translucent gate.
  2135 | D:4      | Noticed Persimmon's ghost (amateur HOFi)
  2258 | D:4      | Found a glowing drain.
  2300 | D:4      | Reached XP level 6. HP: 17/32 MP: 12/17
  2312 | Sewer    | Entered a sewer
  2378 | Sewer    | Noticed a water moccasin
  2388 | Sewer    | Killed a water moccasin
  2532 | D:4      | Noticed Natasha
  2538 | D:4      | Killed Natasha
  2582 | D:4      | Found a sand-covered staircase.
  2586 | Ossuary  | Entered an ossuary
  2625 | Ossuary  | Reached XP level 7. HP: 32/36 MP: 1/19
  2633 | Ossuary  | Slain by a mummy

Illustrated notes

Levels and vault maps discovered:
D:1:      saegor_arrival_under_anarchy, layout_loops_corners
D:2:      layout_loops_cross, kennysheep_jessica_study, uniq_terence
D:3:      layout_rooms, uniq_pargi
D:4:      layout_cave_pools, ebering_ghost_rock_garden, enter_ossuary_5,
          portal_sewer_entry_f, kennysheep_potato, uniq_natasha
Ossuary:  ossuary_the_hunt_dpeg

Skill      XL: |  1  2  3  4  5  6 |
---------------+-------------------+-----
Spellcasting   | 4 6 7 |  7.5
Conjurations   | 5 6 7 |  7.2
Dodging        | |  2.4
Stealth        | |  2.4

Action                     |  1- 3 |  4- 6 |  7- 9 || total
---------------------------+-------+-------+-------++-------
  Melee: Unarmed           |     2 |       |       ||     2
         Staff             |       |    15 |     9 ||    24
   Cast: Magic Dart        |    35 |    94 |       ||   129
         Searing Ray       |     2 |     8 |       ||    10
         Fulminant Prism   |       |     2 |       ||     2
    Use: Scroll            |       |     9 |       ||     9
         Potion            |       |     2 |       ||     2
 Armour: Robe              |     4 |    49 |     5 ||    58
  Dodge: Dodged            |    14 |    54 |    11 ||    79
